 Dungeon Crawl Stone Soup version 0.14-a0-1637-gd423c14 (webtiles) character file.

279 HollowCharge the Cudgeler (level 5, -8/55 HPs)
             Began as an Ogre Gladiator on Dec 26, 2013.
             Mangled by ilii's ghost (14 damage)
             ... on Level 4 of the Dungeon.
             The game lasted 00:13:21 (2678 turns).

HollowCharge the Cudgeler (Ogre Gladiator)          Turns: 2678, Time: 00:13:23

HP  -8/55        AC  3     Str 21      XL: 5   Next: 37%
MP   5/5         EV 11     Int  7      God:
Gold 123         SH  0     Dex 10      Spells:  0 memorised,  4 levels left

rFire  . . .     SeeInvis .     a - +0 mace
rCold  . . .     Clarity  .     e - +0 robe (curse)
rNeg   + . .     Conserve .     (shield restricted)
rPois  .         rCorr    .     c - +0 cap
rElec  .         rRot     .     (no cloak)
SustAb . .       Spirit   .     (gloves unavailable)
rMut   .         Warding  +     (boots unavailable)
Saprov + . .     Stasis   .     j - amulet of warding
                                (no ring)
                                (no ring)

@: slightly resistant to hostile enchantments, unstealthy
A: unfitting armour, fast metabolism 1, saprovore 1, tough skin 1
a: no special abilities


You were on level 4 of the Dungeon.
You were not hungry.

You visited 1 branch of the dungeon, and saw 4 of its levels.

You collected 123 gold pieces.

Inventory:

Hand weapons
 a - a +0,+0 mace (weapon)
Armour
 b - a +0 animal skin
 c - a +0 cap (worn)
 e - a cursed +0 robe (worn)
Comestibles
 f - 2 meat rations
 g - 2 apples
 i - a bread ration
 o - a chunk of giant cockroach flesh
 u - a beef jerky
 v - a rotting chunk of goblin flesh
Scrolls
 m - a scroll of teleportation {unknown}
 p - 2 scrolls of amnesia {unknown}
 q - a scroll of fog {unknown}
 r - a scroll of noise {unknown}
 w - a scroll of remove curse {unknown}
 x - a scroll of enchant weapon I {unknown}
Jewellery
 j - an amulet of warding (around neck)
 k - an uncursed ring of regeneration
Potions
 h - 2 potions of curing
 l - 2 potions of heal wounds {unknown}


   Skills:
 + Level 4.5 Fighting
 + Level 5.4 Maces & Flails
 - Level 2.1 Throwing
 + Level 3.9 Dodging


You had 4 spell levels left.
You didn't know any spells.

Dungeon Overview and Level Annotations

Branches:
Dungeon (4/16)
 Temple: D:4-7

Altars:
Fedhas
Yredelemnul

Annotations:
D:4 ilii's ghost, average SpHu


Innate Abilities, Weirdness & Mutations

You are too large for most types of armour.
You have a fast metabolism.
You can tolerate rotten meat.
You have tough skin (AC +1).


Message History

You are electrocuted!
* * * LOW HITPOINT WARNING * * *
You miss ilii's ghost. Ilii's ghost misses you.
Ilii's ghost hits you but does no damage.
Throwing (i - inventory):
n - 2 throwing nets [frayed] (quivered)
Press: ? - help, Shift-Dir - straight line, f/p - ilii's ghost
Aim: ilii's ghost You throw a throwing net [frayed].
The throwing net [frayed] misses ilii's ghost.
Ilii's ghost barely misses you.
Throwing (i - inventory):
n - a throwing net [frayed] (quivered)
Press: ? - help, Shift-Dir - straight line, f/p - ilii's ghost
Aim: ilii's ghost You throw a throwing net [frayed].
The throwing net [frayed] misses ilii's ghost.
Ilii's ghost hits you.
* * * LOW HITPOINT WARNING * * *
Ilii's ghost hits you but does no damage.
You are electrocuted!
You die...

#### ######## #..#
#....... #..# #.......
#..# #....... #..#
#....... #..# #.......
##..########..####.......
..(...(p@................
....<....................
.......#######..........
....... #..........
....... #..........
...... #.......... .....
#.......>.. ....
#.......... . #..........


You could see ilii's ghost.

Vanquished Creatures
  A worker ant (D:4)
  2 adders (D:2)
  An inept item mimic (D:4)
  4 worms
  An adder skeleton (D:3)
  3 oozes
  A ball python (D:1)
  5 giant cockroaches
  14 goblins
  10 hobgoblins
  7 jackals
  7 kobolds
  A quokka (D:3)
  8 bats
  4 giant newts
  A goblin skeleton (D:4)
  11 rats
  A spectral orc (D:3)
82 creatures vanquished.

Notes
Turn   | Place    | Note
--------------------------------------------------------------
     0 | D:1      | HollowCharge, the Ogre Gladiator, began the quest for the Orb.
     0 | D:1      | Reached XP level 1. HP: 22/22 MP: 1/1
   304 | D:1      | Reached XP level 2. HP: 21/31 MP: 2/2
   848 | D:1      | Reached XP level 3. HP: 32/37 MP: 3/3
  1142 | D:2      | Found a blossoming altar of Fedhas.
  1353 | D:2      | Reached XP level 4. HP: 25/48 MP: 4/4
  2267 | D:3      | Reached skill level 5 in Maces & Flails
  2346 | D:3      | Reached XP level 5. HP: 48/54 MP: 5/5
  2474 | D:3      | Found a basalt altar of Yredelemnul.
  2668 | D:4      | Noticed ilii's ghost (average SpHu)
  2678 | D:4      | Mangled by ilii's ghost

Action                   |  1- 3 |  4- 6 || total
-------------------------+-------+-------++-------
Melee: Mace              |   126 |   143 ||   269
Throw: Throwing net      |     1 |     8 ||     9
  Use: Scroll            |       |     2 ||     2
 Stab: Held in net/web   |       |     1 ||     1
